Map: Odyssey LE

Players

PandaBearMe - Winner!

  • Race: Zerg Zerg
  • Spawn Location: 5:00

Hymy

  • Race: Protoss Protoss
  • Spawn Location: 11:00

Event: WCS Montreal 2017

VOD

Have the link to the VOD?

Description

Time

  • Played on: Sept. 8, 2017, 11:29 a.m.
  • Length: 8:34

All games in this series

Show
View Real Time Build Order
Export as new Build Order

PandaBearMe Zerg - Winner!

Build Orders: Hatch First 

Get SALT Encoding   

  12  0:01  Drone  
  13  0:12  Overlord  
  13  0:22  Drone  
  14  0:31  Drone  
  14  0:32  Drone  
  16  0:51  Hatchery  
  16  0:55  Drone  
  16  0:58  Drone  
  16  1:01  Drone  
  18  1:04  Extractor  
  17  1:16  Spawning Pool  
  16  1:20  Drone  
  17  1:28  Drone  
  17  1:29  Drone  
  19  1:40  Drone  
  20  1:50  Overlord  
  20  2:04  Queen x2  
  20  2:06  Metabolic Boost  
  24  2:08  Zergling x2  
  24  2:12  Drone  
  26  2:17  Drone  
  26  2:18  Drone  
  28  2:24  Drone  
  28  2:25  Drone  
  30  2:37  Drone  
  30  2:42  Zergling x2  
  32  2:50  Hatchery  
  31  2:55  Drone  
  32  3:06  Drone  
  32  3:07  Overlord, Evolution Chamber  
  32  3:08  Zergling x2  
  32  3:11  Zergling x2  
  34  3:18  Overlord, Drone x2  
  36  3:24  Queen  
  38  3:33  Overlord, Drone  
  38  3:34  Drone x2  
  41  3:40  Drone  
  42  3:42  Drone  
  42  3:43  Drone  
  42  3:46  Drone x2  
  46  3:51  Zerg Melee Weapons Level 1  
  46  3:54  Drone x2  
  46  3:55  Drone  
  49  4:04  Lair  
  49  4:06  Queen  
  50  4:10  Extractor  
  50  4:15  Queen  
  48  4:20  Spore Crawler, Drone  
  48  4:22  Zergling x8  
  52  4:24  Drone  
  52  4:29  Drone  
  55  4:31  Drone x3  
  57  4:40  Zergling x2  
  57  4:41  Zergling x10  
  63  4:50  Spore Crawler  
  63  4:51  Zergling x2  
  63  4:52  Zergling x6  
  66  4:59  Overlord x2  
  66  5:02  Overseer  
  66  5:20  Overlord  
  66  5:21  Drone, Zergling x2  
  66  5:22  Zergling x2  
  66  5:25  Zergling x12  
  68  5:35  Baneling Nest  
  68  5:38  Zergling x2  
  66  5:44  Overlord  
  66  5:48  Zerg Melee Weapons Level 2  
  64  5:52  Hydralisk Den  
  64  5:53  Drone  
  64  5:56  Drone x8  
  72  6:03  Overlord  
  72  6:07  Drone  
  73  6:12  Overlord, Drone  
  72  6:18  Drone  
  72  6:22  Muscular Augments, Hydralisk x3  
  75  6:26  Hydralisk  
  75  6:30  Hydralisk  
  79  6:37  Overlord  
  79  6:39  Extractor  
  77  6:40  Extractor, Drone  
  77  6:45  Drone x3  
  80  6:48  Drone x3  
  80  6:49  Drone x3, Hatchery  
  84  6:56  Drone  
  84  6:58  Extractor, Drone  
  84  7:08  Drone, Hydralisk x2  
  82  7:13  Centrifical Hooks  
  87  7:16  Drone  
  87  7:17  Drone  
  87  7:18  Drone  
  87  7:19  Drone x2  
  87  7:22  Hydralisk  
  94  7:23  Hydralisk x2  
  98  7:30  Hydralisk x2  
  98  7:31  Zergling x2  
  103  7:38  Overlord  
  103  7:39  Drone x4  
  107  7:44  Baneling  
  107  7:45  Zergling x4, Baneling x6  
  107  7:46  Zergling x4  
  107  7:47  Zergling x2  
  107  7:49  Zergling x2  
  113  7:53  Zergling x6  
  113  7:55  Zergling x4  
  118  7:59  Zergling x2  
  118  8:01  Zergling x2  
  117  8:05  Zergling x4  
  117  8:09  Zergling x6  
  117  8:12  Zergling x2  
  113  8:14  Zergling x2  
  113  8:16  Zergling x4  
Show
View Real Time Build Order
Export as new Build Order

Hymy Protoss 

Build Orders: 1 Gate Expand, Zealot Archon, Dark Templar Rush 

Get SALT Encoding   

  12  0:01  Probe (Chrono Boost)  
  13  0:12  Probe (Chrono Boost)  
  14  0:18  Pylon  
  14  0:22  Probe (Chrono Boost)  
  15  0:36  Probe (Chrono Boost)  
  15  0:40  Gateway  
  16  0:47  Probe (Chrono Boost)  
  16  0:49  Assimilator  
  17  0:57  Probe (Chrono Boost)  
  18  1:08  Probe (Chrono Boost)  
  20  1:18  Probe (Chrono Boost)  
  20  1:26  Nexus  
  20  1:37  Cybernetics Core  
  21  1:40  Probe (Chrono Boost)  
  21  1:46  Assimilator  
  21  1:50  Probe (Chrono Boost)  
  21  1:53  Pylon  
  22  2:01  Probe (Chrono Boost)  
  23  2:11  Probe (Chrono Boost)  
  23  2:13  Warp Gate (Chrono Boost)  
  23  2:14  Adept (Chrono Boost)  
  26  2:23  Probe  
  26  2:27  Twilight Council  
  27  2:35  Probe (Chrono Boost)  
  28  2:38  Probe (Chrono Boost)  
  31  2:48  Robotics Facility  
  31  2:53  Probe (Chrono Boost)  
  31  2:56  Probe (Chrono Boost)  
  33  3:03  Probe (Chrono Boost)  
  32  3:06  Dark Shrine  
  32  3:07  Probe (Chrono Boost)  
  33  3:12  Gateway  
  33  3:14  Probe (Chrono Boost)  
  33  3:17  Probe (Chrono Boost)  
  35  3:25  Probe (Chrono Boost)  
  36  3:27  Gateway  
  36  3:28  Probe (Chrono Boost)  
  36  3:33  Gateway  
  37  3:39  Warp Prism (Chrono Boost)  
  37  3:41  Probe  
  39  3:47  Pylon  
  40  3:54  Probe (Chrono Boost)  
  41  3:57  Mothership Core (Chrono Boost)  
  42  4:07  Probe (Chrono Boost)  
  38  4:16  Probe (Chrono Boost)  
  38  4:20  Probe (Chrono Boost)  
  39  4:25  Assimilator  
  39  4:26  Probe (Chrono Boost)  
  39  4:27  Assimilator  
  40  4:33  Pylon  
  40  4:34  Probe (Chrono Boost)  
  41  4:41  Dark Templar  
  41  4:42  Dark Templar  
  41  4:45  Probe (Chrono Boost)  
  46  4:48  Probe (Chrono Boost)  
  47  4:53  Nexus  
  47  4:55  Probe (Chrono Boost)  
  48  5:00  Dark Templar  
  48  5:02  Probe (Chrono Boost)  
  51  5:08  Dark Templar  
  51  5:09  Probe (Chrono Boost)  
  51  5:12  Probe (Chrono Boost)  
  55  5:15  Adept  
  55  5:20  Probe (Chrono Boost)  
  58  5:24  Probe (Chrono Boost)  
  56  5:31  Probe (Chrono Boost)  
  55  5:40  Probe (Chrono Boost)  
  56  5:43  Probe (Chrono Boost)  
  56  5:47  Pylon  
  57  5:54  Dark Templar x2, Gateway  
  57  5:55  Archon  
  61  5:59  Archon  
  61  6:03  Pylon  
  61  6:04  Gateway, Pylon  
  61  6:06  Gateway  
  61  6:07  Adept  
  64  6:11  Probe (Chrono Boost)  
  64  6:22  Immortal  
  64  6:23  Probe (Chrono Boost)  
  65  6:26  Charge (Chrono Boost)  
  68  6:42  Dark Templar x2  
  68  6:45  Adept  
  74  6:52  Archon  
  69  6:58  Probe x2  
  67  7:05  Dark Templar  
  67  7:06  Zealot  
  67  7:07  Zealot x2  
  74  7:13  Dark Templar  
  76  7:18  Archon  
  76  7:22  Dark Templar  
  78  7:33  Pylon  
  78  7:34  Pylon  
  78  7:43  Pylon  
  78  7:45  Pylon  
  78  7:52  Zealot  
  78  7:53  Zealot x4  
  78  7:55  Zealot x2  
  68  8:19  Zealot x5  
  74  8:20  Zealot x2  
Tags
 
Add a new tag
Caveats
  • Supply blocks, unpowered buildings, or Contaminate may cause inaccurate times.
  • Supply counts are checked every 10 seconds.